 Dungeon Crawl Stone Soup version 0.32-a0-986-ga09f62fbf4 (webtiles) character file.

Game seed: 14120250020354169474

73 protoss039 the Digger (level 4, -3/33 HPs)
             Began as a Demonspawn Earth Elementalist on Apr 21, 2024.
             Slain by Terence
             ... wielding a +1 mace of holy wrath
              (8 damage)
             ... on level 3 of the Dungeon.
             The game lasted 00:02:53 (1676 turns).

protoss039 the Digger (DsEE)                        Turns: 1676, Time: 00:02:53

Health: -3/33      AC:  4    Str:  8    XL:     4   Next: 8%
Magic:  4/8        EV: 11    Int: 18    God:
Gold:   184        SH:  4    Dex: 19    Spells: 1/8 levels left

rFire   . . .        h - +2 sling (freeze)
rCold   . . .        (no shield)
rNeg    . . .        a - +0 robe
rPois   .            (no helmet)
rElec   .            s - +0 cloak
rCorr   +            (no gloves)
SInv    .            p - +0 pair of boots
Will    .....        (no amulet)
Stlth   ++           g - +6 ring of dexterity
HPRegen 0.25/turn    j - ring of resist corrosion
MPRegen 0.11/turn

%: no passive effects
@: no status effects
A: hooves 2, condensation shield
a: no special abilities


You were on level 3 of the Dungeon.
You visited 1 branch of the dungeon, and saw 3 of its levels.

You collected 184 gold pieces.

Inventory:

Hand Weapons
 e - a +0 dagger
 h - a +2 sling of freezing (weapon)
Armour
 a - a +0 robe (worn)
 p - a +0 pair of boots (worn)
 s - a +0 cloak (worn)
Jewellery
 g - a +6 ring of dexterity (left hand)
 j - a ring of resist corrosion (right hand)
Scrolls
 c - 2 scrolls of torment {unknown}
 d - a scroll of revelation {unknown}
 f - 3 scrolls of poison {unknown}
 i - 2 scrolls of enchant armour {unknown}
 m - a scroll of identify {unknown}
 o - a scroll of amnesia {unknown}
 r - a scroll of silence {unknown}
 t - a scroll of noise {unknown}
 u - a scroll of blinking {unknown}
 w - a scroll of teleportation {unknown}
Potions
 b - a potion of magic
 k - a potion of might {unknown}
 l - a potion of haste {unknown}
 n - 3 potions of mutation {unknown}
 q - a potion of berserk rage {unknown}
 v - a potion of curing {unknown}


   Skills:
 + Level 2.0 Fighting
 - Level 1.7 Dodging
 - Level 1.7 Stealth
 + Level 2.8 Spellcasting
 - Level 1.0 Conjurations
 + Level 3.3 Earth Magic


You had one spell level left.
You knew the following spells:

 Your Spells              Type           Power      Damage    Failure   Level
a - Sandblast             Erth           28%        2d8       4%          1
b - Passwall              Erth           14%        N/A       12%         3
c - Stone Arrow           Conj/Erth      20%        3d8       21%         3

Your spell library contained the following spells:

 Spells                   Type           Power      Damage    Failure   Level
 Ensorcelled Hibernation  Hex/Ice        4%         N/A       26%         2
 Fugue of the Fallen      Necr           2%         N/A       45%         3
 Brom's Barrelling Bould  Conj/Erth      10%        2d3       56%         4
 Petrify                  Alch/Erth      8%         N/A       63%         4
 Anguish                  Hex/Necr       1%         N/A       86%         4


Dungeon Overview and Level Annotations

Branches:
Dungeon (3/15) Zot: 16296

Altars:

Shops:
D:1 :

Annotations:
D:3 Terence


Innate Abilities, Weirdness & Mutations

You have hoof-like feet.
A meltable shield of frost defends you. (SH +4)


Message History

Confirm with . or Enter, or press ? or * to list all spells.
Aiming: Sandblast (safe; 4% risk of failure)
Press: ? - help, Shift-Dir - straight line, f/p - Natasha
Aim: Natasha (severely wounded, 77% to hit)
The blast of sand hits Natasha.
You kill Natasha!
Natasha yowls pathetically as she dies!
Your Fighting skill increases to level 2!
You have reached level 4!
You feel clever.
Your demonic ancestry asserts itself...
Frost condenses into a shield before you.
Unknown command.
You shoot a sling bullet. The sling bullet hits Terence.
The sling bullet freezes Terence.
Terence is moderately wounded.
Terence shouts, "Get ready for death!"
You block Terence's attack.
Terence hits you with a +1 mace of holy wrath.
You convulse.
You shoot a sling bullet.
The sling bullet hits Terence but does no damage.
Terence is moderately wounded.
Terence hits you with a +1 mace of holy wrath.
You convulse.
Unknown command.
You shoot a sling bullet. The sling bullet barely misses Terence.
Terence says, "Did you write a will?
You should..."
Terence hits you with a +1 mace of holy wrath!
You convulse.
Terence barely misses you.
Unknown command.
You shoot a sling bullet. The sling bullet barely misses Terence.
Terence barely misses you.
Unknown command.
You shoot a sling bullet.
The sling bullet completely misses Terence.
Terence hits you with a +1 mace of holy wrath!
* * * LOW HITPOINT WARNING * * *
You convulse!
You die...
Terence says, "Rest in peace."

.. ... .# # .
..# #.. .. #.
#.. ..#
...#.##.###..#
.............
...........#.##
......†@......#
#@...# #..#.#
#.## ... .+. .#
#. # #


You could see Terence.

Vanquished Creatures
  Natasha (D:3)
  An adder (D:2)
  A ribbon worm (D:2)
  2 dart slugs (D:2)
  4 ball pythons
  An endoplasm (D:1)
  A giant cockroach (D:1)
  5 goblins
  4 hobgoblins
  3 jackals (D:1)
  A quokka (D:1)
  A bat (D:2)
  4 kobolds
  A rat (D:1)
30 creatures vanquished.

Notes
Turn   | Place    | Note
-------+----------+-------------------------------------------
     0 | D:1      | protoss039 the Demonspawn Earth Elementalist began the
                  | quest for the Orb.
     0 | D:1      | Reached XP level 1. HP: 13/13 MP: 3/3
   354 | D:1      | Found Sichaut's Book Boutique.
   384 | D:1      | Gained mutation: You have large cloven feet. [demonic
                  | ancestry]
   384 | D:1      | Reached XP level 2. HP: 20/20 MP: 3/5
   429 | D:1      | Reached skill level 1 in Fighting
   566 | D:1      | Reached skill level 3 in Earth Magic
   997 | D:2      | Gained mutation: You have hoof-like feet. [demonic
                  | ancestry]
   997 | D:2      | Reached XP level 3. HP: 26/26 MP: 6/6
  1031 | D:2      | Found a faded altar of an unknown god.
  1662 | D:2      | Learned a level 3 spell: Passwall
  1666 | D:2      | Learned a level 3 spell: Stone Arrow
  1667 | D:3      | Noticed Terence
  1667 | D:3      | Noticed Natasha
  1671 | D:3      | Killed Natasha
  1672 | D:3      | Gained mutation: A meltable shield of frost defends you.
                  | (SH +4) [demonic ancestry]
  1672 | D:3      | Reached XP level 4. HP: 33/33 MP: 3/8
  1676 | D:3      | Slain by Terence

Illustrated notes

Levels and vault maps discovered:
D:1:      noname_arrival_rooms_in_the_neighbourhood, layout_basic, serial_shops,
          shop
D:2:      layout_loops_ring, chequers_ecumenical_altar_twisty, dk_noncrumbling_2
D:3:      layout_rooms, grunt_decor_arrowhead, uniq_terence, uniq_natasha,
          uniq_ijyb

Skill      XL: |  1  2  3 |
---------------+----------+-----
Fighting       | 1 2 |  2.0
Earth Magic    | 3 |  3.3
Dodging        | |  1.7
Stealth        | |  1.7
Spellcasting   | |  2.8
Conjurations   | |  1.0

Action                     |  1- 3 |  4- 6 || total
---------------------------+-------+-------++-------
   Fire: Sling             |    47 |     5 ||    52
   Cast: Sandblast         |    17 |       ||    17
 Armour: Robe              |     9 |     4 ||    13
  Dodge: Dodged            |    16 |     2 ||    18
  Block: Other             |       |     1 ||     1

Table legend: (Time is in decaauts)
 A = Elapsed time spent in this place.
 B = Non-inter-level travel time spent in this place.
 C = Inter-level travel time spent in this place.
 D = Time resting spent in this place.
 E = Time spent auto-exploring this place.
 F = Levels seen in this place.
 G = Mean time per level.
                   A        B        C        D        E       F      G
               +--------+--------+--------+--------+--------+-----+--------+
         Total |   1702 |   1621 |     81 |      0 |   1419 |   3 |  567.3 |
       Dungeon |   1702 |   1621 |     81 |      0 |   1419 |   3 |  567.3 |
               +--------+--------+--------+--------+--------+-----+--------+

Top non-repeatable levels by time:
     D:1: 915 daAuts
     D:2: 774 daAuts
     D:3: 12 daAuts
